 Dungeon Crawl Stone Soup version 0.31-a0-1343-gcd514f47d3 (webtiles) character file.

Game seed: 12733217475874373836

1866036 iamserjio the Slayer (level 26, 239/239 HPs)
             Began as an Octopode Wanderer on Dec 22, 2023.
             Was the Champion of Hepliaklqana.
             Escaped with the Orb
             ... and 3 runes
             ... and 1 gem!
             The game lasted 02:21:37 (59758 turns).

iamserjio the Slayer (Octopode Wanderer)           Turns: 59758, Time: 02:21:38

Health: 239/239    AC: 31    Str: 23    XL:     26   Next: 76%
Magic:  32/32      EV: 52    Int: 12    God:    Hepliaklqana [******]
Gold:   818        SH: 23    Dex: 45    Spells: 11/37 levels left

rFire   + + .        O - +9 demon blade (flame)
rCold   + + .        b - +5 kite shield {rF+}
rNeg    + . .        Y - +0 mask of the Dragon {Will+ Slay+3 SInv}
rPois   ∞            q - amulet "Kianibau" {Regen+ Str+2}
rElec   +            d - ring of Music {rElec Dex+6}
rCorr   .            k - ring of Gerysmurgh {rPois Dex+3}
SInv    +            P - ring "Hyebb" {Will+ Str+6}
Will    +++..        U - ring of protection from fire
Stlth   ++++         i - +6 ring of dexterity
HPRegen 2.19/turn    T - ring of Youthful Indiscretion {^Contam rC++ Dex+6 Stlth+}
MPRegen 0.23/turn    y - +5 ring of evasion
                     S - +4 ring of protection

%: no passive effects
@: statue-form, studying 2 skills, very slow
A: slow and powerful, torment resistance 1, boosted hp, reduced essence, almost
no armour, amphibious, 8 rings, camouflage 1, (gelatinous body 1), (nimble
swimmer 1), tentacles, deterioration 1, low MP 1, regeneration 1, strong 1
0: Orb of Zot
}: 3/15 runes: barnacled, silver, gossamer
a: Begin Untransformation, Renounce Religion, Recall Ancestor, Ancestor
Identity, Transference, Idealise


You escaped.
You worshipped Hepliaklqana.
Hepliaklqana was exalted by your worship.
You were a living statue of rough stone.
You visited 10 branches of the dungeon, and saw 48 of its levels.
You also visited: Ossuary, Gauntlet, Ice Cave, Volcano and Wizlab.

You collected 8420 gold pieces.
You spent 7602 gold pieces at shops.

Inventory:

Hand Weapons
 x - a +8 heavy demon blade
 F - the +8 Vampire's Tooth {megavamp}
   (You took it off a deep elf pyromancer on level 3 of the Elven Halls)
 M - a +9 antimagic double sword
 O - a +9 demon blade of flaming (weapon)
Missiles
 a - 15 curare-tipped darts (quivered)
 p - 6 throwing nets {!f}
Armour
 b - a +5 kite shield of fire resistance (worn)
 Y - the +0 mask of the Dragon (worn) {Will+ Slay+3 SInv}
   (You found it on level 5 of the Vaults)

   Slay+3:    It affects your accuracy & damage with ranged weapons and melee
   (+3).
   Will+:     It increases your willpower.
   SInv:      It lets you see invisible.
Jewellery
 d - the ring of Music (left tentacle) {rElec Dex+6}
   (You found it on level 14 of the Dungeon)

   [ring of dexterity]

   Dex+6:     It affects your dexterity (+6).
   rElec:     It insulates you from electricity.
 g - the ring of Ashenzari, Changing {Wiz Dex+3}
   (You found it on level 5 of the Vaults)

   [ring of wizardry]

   Wiz:       It improves your spell success rate.
   Dex+3:     It affects your dexterity (+3).
 i - a +6 ring of dexterity (on tentacle)
 j - a ring of willpower
 k - the ring of Gerysmurgh (right tentacle) {rPois Dex+3}
   (You acquired it on level 1 of the Dungeon)

   [ring of poison resistance]

   Dex+3:     It affects your dexterity (+3).
   rPois:     It protects you from poison
 q - the amulet "Kianibau" (around mantle) {Regen+ Str+2}
   (You found it on level 3 of the Depths)

   [amulet of regeneration]

   Str+2:     It affects your strength (+2).
   Regen+:    It increases your rate of health regeneration.
 s - a ring of fire
 y - a +5 ring of evasion (on tentacle)
 A - an amulet of reflection
 H - the ring "Harytt" {Str+6 Int+3}
   (You took it off a deep elf demonologist on level 3 of the Elven Halls)

   [ring of strength]

   Str+6:     It affects your strength (+6).
   Int+3:     It affects your intelligence (+3).
 N - a ring of see invisible
 P - the ring "Hyebb" (on tentacle) {Will+ Str+6}
   (You bought it in a shop on level 3 of the Elven Halls)

   [ring of strength]

   Str+6:     It affects your strength (+6).
   Will+:     It increases your willpower.
 S - a +4 ring of protection (on tentacle)
 T - the ring of Youthful Indiscretion (on tentacle) {^Contam rC++ Dex+6 Stlth+}
   (You bought it in a shop on level 3 of the Elven Halls)

   [ring of dexterity]

   Dex+6:     It affects your dexterity (+6).
   rC++:      It greatly protects you from cold.
   ^Contam:   It causes magical contamination when unequipped.
   Stlth+:    It makes you more stealthy.
 U - a ring of protection from fire (on tentacle)
 X - a ring of willpower
Talismans
 t - a granite talisman (active)
Wands
 f - a wand of light (15)
 o - a wand of digging (31) {@v3}
 K - a wand of roots (47)
 Q - a wand of paralysis (62)
 R - a wand of mindburst (15)
Scrolls
 c - 6 scrolls of fear
 r - a scroll of summoning
 v - 14 scrolls of teleportation {@r3}
 B - 2 scrolls of silence
 V - 10 scrolls of blinking {@r4}
 Z - 7 scrolls of fog
Potions
 e - 4 potions of invisibility
 l - 19 potions of curing {@q1}
 m - 3 potions of cancellation
 n - 11 potions of haste {@q4}
 u - 8 potions of magic
 w - 2 potions of might {@q3}
 z - 5 potions of resistance {@q5}
 E - 9 potions of mutation
 G - 6 potions of ambrosia
 I - 17 potions of heal wounds {@q2}
 J - 2 potions of attraction
Miscellaneous
 h - a box of beasts (inert)
 C - a lightning rod (4/4)
 D - a tin of tremorstones (2/2)
 L - a phantom mirror
 W - a phial of floods


   Skills:
 - Level 23.1 Fighting
 - Level 2.0(13.2) Short Blades
 + Level 20.0 Long Blades
 + Level 20.6 Dodging
 - Level 19.4 Stealth
 - Level 10.0 Shields
 - Level 6.0 Spellcasting
 - Level 9.3 Translocations
 - Level 4.7 Earth Magic
 - Level 5.2 Alchemy
 + Level 17.3 Invocations
 + Level 17.0 Evocations
 - Level 16.0 Shapeshifting


You had 11 spell levels left.
You knew the following spells:

 Your Spells              Type           Power      Damage    Failure   Level
a - Blink                 Tloc           50%        N/A       1%          2
b - Momentum Strike       Conj/Tloc      28%        3d8       7%          2
c - Lesser Beckoning      Tloc           50%        N/A       1%          2
d - Summon Lightning Spi  Summ/Air       3%         N/A       97%         4
e - Passwall              Alch/Erth      12%        N/A       6%          2
f - Passage of Golubria   Tloc           25%        N/A       7%          4
g - Summon Forest         Summ/Tloc      7%         N/A       78%         5
h - Summon Mana Viper     Hex/Summ       3%         N/A       100%        5

Your spell library contained the following spells:

 Spells                   Type           Power      Damage    Failure   Level
 Gell's Gravitas          Tloc           25%        N/A       1%          3
 Teleport Other           Tloc           25%        N/A       1%          3
 Sandblast                Erth           30%        2d9       4%          1
 Manifold Assault         Tloc           25%        N/A       7%          4
 Sting                    Conj/Alch      36%        1d5       11%         1
 Volatile Blastmotes      Fire/Tloc      28%        2d12      14%         3
 Cigotuvi's Dreadful Rot  Necr/Alch/Air  14%        N/A       24%         2
 Necrotise                Necr           12%        1d4       30%         1
 Summon Small Mammal      Summ           12%        N/A       30%         1
 Stone Arrow              Conj/Erth      18%        3d8       34%         3
 Leda's Liquefaction      Alch/Erth      7%         N/A       38%         4
 Petrify                  Alch/Erth      15%        N/A       38%         4
 Call Imp                 Summ           6%         N/A       43%         2
 Jinxbite                 Hex            6%         N/A       43%         2
 Scorch                   Fire           6%         2d5       43%         2
 Static Discharge         Conj/Air       6%         3-4/arc   43%         2
 Call Canine Familiar     Summ           3%         N/A       67%         3
 Frozen Ramparts          Ice            6%         1d1       67%         3
 Hailstorm                Conj/Ice       3%         3d5       67%         3
 Inner Flame              Hex/Fire       3%         N/A       67%         3
 Summon Guardian Golem    Hex/Summ       3%         N/A       67%         3
 Swiftness                Air            3%         N/A       67%         3
 Vampiric Draining        Necr           3%         2d6       67%         3
 Fulminant Prism          Conj/Alch      4%         3d5       71%         4
 Sticky Flame             Fire/Alch      9%         2d5       71%         4
 Alistair's Intoxication  Alch           10%        N/A       71%         5
 Dispersal                Tloc           12%        N/A       71%         6
 Brom's Barrelling Bould  Conj/Erth      9%         2d3       75%         4
 Lee's Rapid Deconstruct  Erth           7%         3d7*      77%         5
 Irradiate                Conj/Alch      4%         3d13      96%         5
 Yara's Violent Unravell  Hex/Alch       4%         3d4       96%         5
 Airstrike                Air            1%         2d(1-17)  97%         4
 Anguish                  Hex/Necr       1%         N/A       97%         4
 Cause Fear               Hex            1%         N/A       97%         4
 Dispel Undead            Necr           3%         3d7       97%         4
 Flame Wave               Conj/Fire      3%         2d5       97%         4
 Summon Ice Beast         Ice/Summ       3%         N/A       97%         4
 Borgnjor's Vile Clutch   Necr/Erth      4%         N/A       97%         5
 Eringya's Noxious Bog    Alch           8%         4d6       99%         6
 Agony                    Necr           3%         N/A       100%        5
 Fireball                 Conj/Fire      1%         3d3       100%        5
 Iskenderun's Battlesphe  Conj           3%         2d6       100%        5
 Metabolic Englaciation   Hex/Ice        1%         N/A       100%        5
 Conjure Ball Lightning   Conj/Air       1%         3x3d6     100%        6
 Death Channel            Necr           1%         N/A       100%        6
 Simulacrum               Ice/Necr       1%         N/A       100%        6
 Summon Cactus Giant      Summ           1%         N/A       100%        6
 Enfeeble                 Hex            1%         N/A       100%        7
 Haunt                    Necr/Summ      1%         N/A       100%        7
 Malign Gateway           Summ/Tloc      7%         N/A       100%        7
 Orb of Destruction       Conj           1%         9d5       100%        7
 Ozocubu's Refrigeration  Ice            1%         4d7       100%        7
 Borgnjor's Revivificati  Necr           1%         N/A       100%        8
 Discord                  Hex            1%         N/A       100%        8
 Disjunction              Tloc           12%        N/A       100%        8
 Lehudib's Crystal Spear  Conj/Erth      4%         10d3      100%        8
 Maxwell's Capacitive Co  Air            1%         ∞         100%        8
 Summon Horrible Things   Summ           1%         N/A       100%        8
 Chain Lightning          Conj/Air       1%         3d2       100%        9
 Death's Door             Necr           1%         N/A       100%        9
 Dragon's Call            Summ           1%         N/A       100%        9
 Fire Storm               Conj/Fire      1%         8d1       100%        9
 Polar Vortex             Ice            1%         N/A       100%        9
 Sublimation of Blood     Necr           Unusable   N/A       N/A         2
 Animate Armour           Summ/Erth      Unusable   N/A       N/A         4

Dungeon Overview and Level Annotations

Branches:
Dungeon (15/15)            Temple (1/1) D:4            Lair (5/5) D:11
 Shoals (4/4) Lair:3       Spider (4/4) Lair:2        Slime (0/5) Lair:4
    Orc (2/2) D:10            Elf (3/3) Orc:2        Vaults (5/5) D:14
  Crypt (0/3) Vaults:3     Depths (4/4) D:15            Zot (5/5) Depths:4
Ossuary (visited)           IceCv (visited)         Volcano (visited)
 WizLab (visited)         Gauntlet (visited)

Altars:
Ashenzari
Cheibriados
Dithmenos
Elyvilon
Fedhas
Gozag
Hepliaklqana
Kikubaaqudgha
Makhleb
Nemelex Xobeh
Okawaru
Qazlal
Ru
Sif Muna
Trog
Uskayaw
Vehumet
Wu Jian
Xom
Yredelemnul
Zin
The Shining One
Jiyva

Shops:
D:1 ??[(   D:8 :   Orc:2 (*::(   Elf:3 =[(   Shoals:1 *   Shoals:2 :
Vaults:1 =   Vaults:4 !   Depths:1 (   Depths:3 (:!?

Portals:
Hell: Depths:1 Depths:2 Depths:3
Abyss: Depths:2 Depths:3
Pandemonium: Depths:2 Depths:3 Depths:4
Ziggurat: Depths:1
Trove: D:13 (give 14 potions of curing)


Innate Abilities, Weirdness & Mutations

You are a living statue of rough stone.
Your actions are slow, but your melee attacks are powerful.
You are resistant to unholy torment.
Your maximum health is greatly increased.
Your life essence is reduced to manifest your ancestor. (-10% HP)
You cannot wear most types of armour.
You are amphibious.
You can wear up to eight rings at the same time.
You are immune to poison.
Your skin changes colour to match your surroundings (Stealth+).
((Your rubbery body absorbs attacks. (AC +1, EV +1)))
((You are camouflaged when in or above water. (Stealth+)))
You have tentacles for arms and can constrict up to eight enemies at once.
Your body sometimes deteriorates upon taking damage.
Your magical capacity is low. (-10% MP)
Your natural rate of healing is unusually fast.
Your muscles are strong. (Str +4, Int/Dex -1)


Message History

You block the tormentor's attack. x2
Beorhtric hits the tormentor with a +0 lajatang of freezing!!
Beorhtric freezes the tormentor.
The tormentor hits Beorhtric.
The tormentor hits Beorhtric but does no damage.
Beorhtric hits the tormentor with a +0 lajatang of freezing.
Beorhtric freezes the tormentor.
The tormentor dies!
A mysterious force pulls you upwards. The hatch slams shut behind you.
HP restored.
There is a stone staircase leading up here.
You climb upwards.
There is a stone staircase leading down here.
You open the door.
There is an open door here.
There is a stone staircase leading up, spattered with blood here.
You see here a +0 dagger.
You climb upwards.
There is a stone staircase leading down here.
A hell beast comes into view.
Beorhtric is recalled.
The hell beast completely misses you. You block the hell beast's attack. x3
You block the hell beast's attack. x3; The hell beast completely misses you.
Beorhtric gestures wildly while chanting.
Beorhtric seems to speed up.
You block the hell beast's attack. x2
Beorhtric hits the hell beast with a +0 lajatang of freezing!!
Beorhtric freezes the hell beast.
You block the hell beast's attack. The hell beast completely misses you.
Beorhtric barely misses the hell beast.
The hell beast completely misses you. x2
Beorhtric closely misses the hell beast.
The hell beast attacks as it pursues you!
You block the hell beast's attack. x2
Beorhtric points at the hell beast and mumbles some strange words.
The crystal spear hits the hell beast!!!
Beorhtric hits the hell beast with a +0 lajatang of freezing!!
Beorhtric freezes the hell beast.
The hell beast dies!
Your Long Blades skill increases to level 20!
There is a staircase leading out of the dungeon here.
You have escaped!

###.###........###..........## ##
#.###.......## ##..........###.
#...........# #..............
#.###.......## ##..........###.
###.###........###..........## #.
...........................## #.
.######..###.........###...# #.
.# #..## ##.......## ##..# #. .#
#..# #...8R..# #..# #. .# #..##
##.......## ##..# #. .#
#...###.........###...###### .#
##......................##... .#
#..........###........###..≈≈ .#
#.#.......## ##.......#.#.≈≈≈
.####.#.......# #.........#∩§§≈
......#.......## ##.......#.#.≈§≈
####.##........###........#.#.§≈§


You could see the friendly Beorhtric the battlemage (fast).

Vanquished Creatures
  2 dread liches
  2 orbs of fire (Zot:5)
  An ancient lich (Zot:5)
  Xtahua (Vaults:3)
  Josephina (Zot:2)
  Bai Suzhen (Depths:2)
  5 Killer Klowns (Zot:5)
  4 golden dragons
  Norris (Vaults:1)
  Nikola (Shoals:1)
  Arachne (Spider:3)
  5 electric golems
  A Cloud Mage (WizLab)
  18 Orb Guardians
  5 tentacled monstrosities
  Jorgrun (D:14)
  3 liches
  Asterion (Elf:1)
  3 titans (Vaults:5)
  4 sphinxes
  4 deep elf master archers (Elf:3)
  3 quicksilver dragons
  5 deep elf blademasters (Elf:3)
  2 death cobs (Zot:1)
  4 tengu reavers
  9 storm dragons
  A protean progenitor (Zot:2)
  Kirke (D:12)
  8 shadow dragons
  The ghost of Nuninul the Metamorph, an adept FeCj of Sif Muna (Shoals:3)
  2 draconian knights (Zot:3)
  6 fire giants
  7 frost giants
  5 deep elf elementalists
  A caustic shrike zombie (Depths:1)
  An iron dragon (Depths:3)
  7 deep elf sorcerers
  A draconian shifter (Depths:4)
  A draconian scorcher (Zot:2)
  7 vault wardens
  An emperor scorpion (Spider:4)
  2 ghost moths (Zot:5)
  An orc warlord (Vaults:4)
  9 ironbound preservers
  A cacodemon (D:15)
  A demonspawn blood saint (Zot:5)
  3 formless jellyfish
  A spriggan defender (Depths:4)
  14 very ugly things
  A war gargoyle (Vaults:5)
  10 stone giants
  A draconian annihilator (Zot:1)
  3 green draconians
  5 ironbound thunderhulks
  8 deep elf death magi
  12 dire elephants
  A lorocyproca (Zot:5)
  A minotaur (Gauntlet)
  A black draconian (Zot:5)
  2 vampire knights (Depths:2)
  6 deep elf annihilators
  4 purple draconians
  4 deep elf demonologists (Elf:3)
  A red draconian (Zot:1)
  3 white draconians
  5 spark wasps
  An eidolon (Vaults:2)
  A crystal guardian (Vaults:3)
  2 merfolk javelineers (Shoals:4)
  9 ettins
  8 merfolk impalers
  Snorg (Elf:3)
  The ghost of Jaike the Covert, a journeyman DEEn of Dithmenos (D:14)
  4 blizzard demons
  2 entropy weavers (Spider:2)
  4 fire dragons
  8 yaktaur captains
  6 great orbs of eyes
  22 vault guards
  5 deep elf high priests
  The ghost of Tinttamiau the Thaumaturge, a journeyman DEAE of Vehumet (Lair:3)
  2 catoblepae
  7 ice dragons
  7 ironbound frosthearts
  2 radroaches (Spider:3)
  6 merfolk aquamancers
  2 jorogumos
  3 spriggan air magi
  A peacekeeper (Vaults:3)
  3 ghost crabs (WizLab)
  2 ogre magi
  2 rakshasas
  3 two-headed ogres
  An alligator snapping turtle (Shoals:4)
  5 hydras
  12 centaur warriors
  A merfolk avatar (Shoals:4)
  3 boulder beetles
  23 dancing weapons
  4 tengu warriors
  9 demonic crawlers
  6 deep troll shamans
  12 death yaks
  3 deep troll earth magi
  An occultist (Depths:3)
  6 orc high priests
  9 spriggan berserkers
  A sun demon (Depths:2)
  2 hell knights
  16 deep elf knights
  5 skysharks
  6 pharaoh ants
  A salamander mystic (Depths:1)
  A shadow wraith (Vaults:5)
  2 soul eaters
  6 iron trolls
  A sixfirhy (D:15)
  3 glowing orange brains
  2 death drakes (WizLab)
  4 sun moths
  4 orb spiders
  A deep troll (shapeshifter) (Depths:1)
  31 deep trolls
  An obsidian statue (IceCv)
  3 bog bodies (IceCv)
  9 sea snakes
  12 ironbound convokers
  2 spriggan simulacra (IceCv)
  A flayed ghost (Depths:3)
  3 phantasmal warriors (Vaults:5)
  6 lindwurms
  15 deep elf archers
  9 arcanists
  6 steelbarb worms
  25 deep elf pyromancers
  16 orc knights
  16 harpies
  4 necromancers
  A harpy (shapeshifter) (D:14)
  A tengu skeleton (Depths:1)
  5 orc sorcerers
  18 deep elf zephyrmancers
  An oklob plant (Lair:4)
  13 wolf spiders
  12 manticores
  14 fauns
  2 salamanders (Depths:1)
  2 cyclopes
  13 moths of wrath
  36 ugly things
  A spectral alligator snapping turtle (Shoals:3)
  8 elephants
  A black mamba (Lair:2)
  4 merfolk sirens
  4 torpor snails
  2 apocalypse crabs (WizLab)
  An eye of devastation (Lair:4)
  7 water nymphs
  A rust devil (Gauntlet)
  A stone giant skeleton (Depths:1)
  18 vault sentinels
  Jeremiah (Lair:1)
  4 cane toads
  A smoke demon (Depths:2)
  3 large abominations (Elf:1)
  6 rime drakes
  A gargoyle (Volcano)
  6 komodo dragons
  A minotaur zombie (Gauntlet)
  An ice devil (IceCv)
  3 efreet
  15 yaktaurs
  A kobold demonologist (D:11)
  2 tengu conjurers (D:15)
  14 freezing wraiths
  5 anaconda simulacra (IceCv)
  A spectral harpy (Shoals:3)
  6 trolls
  A polar bear (shapeshifter) (Elf:1)
  A shadow dragon simulacrum (Zot:2)
  3 golden dragon simulacra (IceCv)
  9 meliai
  18 tarantellas
  A polar bear (Lair:3)
  An alligator simulacrum (IceCv)
  4 wind drakes
  14 merfolk
  4 tyrant leeches (Spider:1)
  7 hornets
  A dream sheep (Shoals:2)
  A snapping turtle (shapeshifter) (Depths:3)
  A stone giant simulacrum (Depths:1)
  8 air elementals
  10 blink frogs
  A draconian simulacrum (Zot:2)
  5 snapping turtles
  A glass eye (Lair:4)
  14 slime creatures
  A shadow (D:13)
  A culicivora (shapeshifter) (Vaults:5)
  27 jumping spiders
  A spectral wind drake (Shoals:3)
  A ynoxinul (Gauntlet)
  4 fire elementals
  14 culicivoras
  A dire elephant simulacrum (IceCv)
  2 hogs (D:12)
  A spriggan (Depths:4)
  13 water elementals
  A battlemage (Shoals:2)
  33 yaks
  8 basilisks
  4 neqoxecs (D:14)
  7 wyverns
  A wraith (D:12)
  43 redbacks
  11 vampire mosquitoes
  A steam dragon (Lair:3)
  A warg (D:10)
  A harpy simulacrum (IceCv)
  13 water moccasins
  2 hell hounds
  2 ice beasts
  29 orc warriors
  A sky beast (D:7)
  4 black bears
  7 wolves
  A merfolk simulacrum (Shoals:3)
  An ettin simulacrum (IceCv)
  12 ogres
  3 centaurs
  A phantom (D:6)
  5 kobold brigands (D:11)
  2 elf zombies (Ossuary)
  6 scorpions
  A human simulacrum (Depths:1)
  13 bullfrogs
  A deep troll simulacrum (IceCv)
  An earth elemental (Elf:3)
  A gnoll sergeant (D:10)
  5 wights
  A manticore simulacrum (Shoals:3)
  An oklob sapling (D:9)
  3 lindwurm simulacra (IceCv)
  6 killer bees
  3 howler monkeys
  An electric eel (Lair:1)
  4 centaur zombies (Ossuary)
  2 quasits (D:14)
  An iron imp (Gauntlet)
  4 hounds
  31 orc priests
  4 human zombies
  4 hell rats (Lair:4)
  2 iguanas
  A sleepcap (D:6)
  Natasha (thrice) (D:2)
  17 orc wizards
  A hound zombie (D:4)
  A hound skeleton (D:4)
  2 mummies (Ossuary)
  5 gnolls
  8 adders
  4 shadow imps
  6 white imps
  2 bombardier beetles
  2 ufetubi (D:6)
  2 adder zombies
  4 adder skeletons (D:4)
  5 worms
  5 dart slugs
  58 orcs
  9 ball pythons
  7 endoplasms
  5 giant cockroaches
  10 goblins
  6 hobgoblins
  5 jackals
  10 kobolds
  3 quokkas
  2 frilled lizards (D:2)
  A goblin skeleton (D:4)
  2 goblin zombies
  12 hobgoblin zombies
  A kobold skeleton (D:4)
  8 kobold zombies (Ossuary)
  2 orc skeletons (D:4)
  9 orc zombies (Ossuary)
  5 rats
  An aspiring flesh (Zot:2)
1583 creatures vanquished.

Vanquished Creatures (collateral kills)
  2 dread liches
  3 orbs of fire (Zot:5)
  A Killer Klown (Zot:5)
  A curse toe (Zot:4)
  The ghost of jotaen the Hoplite, an adept MiFi of Okawaru (Elf:1)
  A Hell Sentinel (Zot:1)
  5 tentacled monstrosities
  11 Orb Guardians
  A lich (Vaults:5)
  A quicksilver dragon (Zot:3)
  2 sphinxes
  2 titans
  6 tengu reavers
  4 storm dragons
  3 shadow dragons
  Donald (Spider:4)
  Aizul (Elf:1)
  A draconian shifter (Depths:4)
  A protean progenitor (Zot:1)
  2 fire giants
  3 frost giants
  A deep elf sorcerer (Vaults:1)
  2 vault wardens
  An emperor scorpion (Spider:4)
  2 draconian scorchers
  A draconian annihilator (Zot:5)
  3 deep elf elementalists (Elf:3)
  An iron dragon (Vaults:5)
  A reaper (Depths:2)
  2 war gargoyles (Vaults:5)
  3 ghost moths (Spider:4)
  2 formless jellyfish
  An ironbound preserver (Vaults:2)
  5 very ugly things
  An orc warlord (D:10)
  A broodmother (Spider:4)
  A demonspawn black sun (Zot:5)
  5 stone giants
  3 deep elf demonologists
  A lorocyproca (Depths:3)
  3 green draconians
  3 deep elf death magi (Elf:3)
  2 yellow draconians
  4 spark wasps
  2 deep elf annihilators
  A white draconian (Zot:5)
  5 dire elephants
  2 purple draconians (Zot:5)
  3 merfolk impalers
  An ettin (Vaults:5)
  An eidolon (Vaults:2)
  2 fire dragons (Depths:3)
  3 entropy weavers
  A merfolk javelineer (Shoals:3)
  A crystal guardian (Vaults:3)
  3 blizzard demons
  A green death (Depths:3)
  2 deep elf high priests (Elf:3)
  2 great orbs of eyes
  3 rakshasas
  A hydra (Lair:2)
  6 yaktaur captains
  6 vault guards
  An ironbound frostheart (Vaults:4)
  A peacekeeper (Vaults:3)
  A radroach (Spider:2)
  A hell beast (D:1)
  3 ogre magi
  A ghost crab (Spider:1)
  3 merfolk avatars
  4 centaur warriors
  An alligator snapping turtle (Shoals:3)
  5 boulder beetles
  3 death knights
  2 merfolk aquamancers
  4 deep troll shamans
  4 two-headed ogres
  4 dancing weapons
  A satyr (Shoals:1)
  3 deep troll earth magi
  2 demonic crawlers
  3 death yaks
  An occultist (Gauntlet)
  A spriggan berserker (Depths:4)
  A vampire mage (Depths:1)
  A sun demon (Zot:1)
  3 deep elf knights
  Sonja (Lair:1)
  A sixfirhy (D:15)
  A skyshark (Shoals:3)
  An iron troll (Depths:2)
  2 pharaoh ants
  10 deep trolls
  3 orb spiders
  An orb spider (shapeshifter) (Vaults:5)
  2 death drakes (WizLab)
  A golden dragon zombie (Depths:1)
  3 sea snakes
  3 ironbound convokers
  A bog body (IceCv)
  3 deep elf archers
  2 steelbarb worms
  4 deep elf zephyrmancers
  A lindwurm (Vaults:4)
  3 orc knights
  6 harpies
  7 deep elf pyromancers
  6 necromancers
  An orc sorcerer (Orc:1)
  9 fauns
  A large abomination (Elf:1)
  A cyclops (D:13)
  5 manticores
  4 wolf spiders
  A salamander (Depths:1)
  8 ugly things
  3 moths of wrath
  6 elephants
  3 water nymphs
  A molten gargoyle (Volcano)
  5 vault sentinels
  An eye of devastation (shapeshifter) (Vaults:5)
  A black mamba (Lair:4)
  3 torpor snails
  An orange demon (D:15)
  An apocalypse crab (WizLab)
  2 gargoyles
  5 cane toads
  5 freezing wraiths
  9 yaktaurs
  A komodo dragon (Lair:1)
  3 rime drakes
  A tormentor (D:4)
  A tengu conjurer (Depths:3)
  An anaconda simulacrum (IceCv)
  A troll (shapeshifter) (D:15)
  2 hornets
  A polar bear (Lair:3)
  3 wind drakes
  A hellwing (D:6)
  An alligator simulacrum (IceCv)
  3 blink frogs (Lair:1)
  9 tarantellas
  3 trolls
  3 meliai
  12 merfolk
  A snapping turtle (Shoals:1)
  2 dream sheep (Shoals:2)
  5 slime creatures
  7 culicivoras
  4 air elementals
  A ynoxinul (Zot:1)
  11 jumping spiders
  A vampire (D:12)
  2 spriggans (Depths:3)
  2 dire elephant simulacra (IceCv)
  13 yaks
  2 basilisks (Lair:4)
  A spriggan skeleton (Depths:1)
  4 water elementals
  3 neqoxecs
  A warg (Orc:2)
  3 wyverns
  A vampire mosquito (Spider:1)
  A steam dragon (D:8)
  33 redbacks
  A harpy simulacrum (Shoals:3)
  3 water moccasins
  2 acid dragons
  A hell hound (Lair:2)
  10 orc warriors
  An ice beast (D:5)
  3 ogres
  6 wolves
  A centaur (D:10)
  7 bullfrogs
  An elf zombie (Elf:1)
  A scorpion (Lair:2)
  2 deep troll simulacra (IceCv)
  A wight (D:7)
  A lindwurm simulacrum (IceCv)
  A manticore simulacrum (Shoals:3)
  2 killer bees (D:8)
  An oklob sapling (D:9)
  An electric eel (Spider:4)
  A gnoll bouda (D:8)
  A hound (D:5)
  An iron imp (Gauntlet)
  3 jellies
  9 orc priests
  7 orc wizards
  3 hell rats (Lair:4)
  3 gnolls
  2 adders (D:9)
  A shadow imp (Gauntlet)
  A bombardier beetle (D:5)
  A worm (Lair:2)
  31 orcs
  An endoplasm (D:6)
  A giant cockroach (Lair:2)
  2 ball pythons (D:9)
  5 kobolds (D:11)
603 creatures vanquished.

Vanquished Creatures (others)
  A war gargoyle (Vaults:5)
  A yellow draconian (Zot:1)
  A black draconian (Zot:1)
  2 deep elf knights
  A hell knight (Depths:2)
  A merfolk (Shoals:1)
  A draconian simulacrum (Zot:2)
  A yellow draconian simulacrum (Zot:2)
  A spectral snapping turtle (Shoals:3)
  An orc priest (Vaults:5)
  An orc wizard (D:9)
  55 battlemagi
  4 ancestors
71 creatures vanquished.

Grand Total: 2257 creatures vanquished

Notes
Turn   | Place    | Note
-------+----------+-------------------------------------------
     0 | D:1      | iamserjio the Octopode Wanderer began the quest for the
                  | Orb.
     0 | D:1      | iamserjio set off with the following items: a +3 short
                  | sword, a +0 falchion, a scroll of fear.
     0 | D:1      | Reached XP level 1. HP: 17/17 MP: 1/1
   114 | D:1      | Found Adghylam's Magic Scroll Shop.
   114 | D:1      | Found Teluom's Magic Scroll Emporium.
   159 | D:1      | Found a faded altar of an unknown god.
   198 | D:1      | Reached skill level 1 in Stealth
   198 | D:1      | Reached XP level 2. HP: 22/22 MP: 2/2
   657 | D:1      | Found Oczeta's Antique Weapon Emporium.
   680 | D:1      | Found Fuodder's Armour Shop.
   689 | D:1      | Bought a +0 buckler for 45 gold pieces
   898 | D:2      | Reached XP level 3. HP: 24/27 MP: 3/3
  1126 | D:2      | Reached skill level 1 in Shields
  1181 | D:2      | Noticed Natasha
  1312 | D:2      | Killed Natasha
  1313 | D:2      | Reached skill level 5 in Fighting
  1313 | D:2      | Reached XP level 4. HP: 10/35 MP: 4/4
  1420 | D:2      | Found a sparkling altar of Nemelex Xobeh.
  1721 | D:2      | Learned a level 2 spell: Blink
  1807 | D:2      | Noticed Natasha
  2021 | D:2      | Killed Natasha
  2022 | D:2      | Reached XP level 5. HP: 29/39 MP: 5/5
  2292 | D:2      | Noticed Natasha
  2299 | D:2      | Killed Natasha
  2420 | D:2      | Found a sparkling altar of Nemelex Xobeh.
  2691 | D:1      | Bought a scroll of fear for 44 gold pieces
  3468 | D:1      | Bought a scroll of fear for 44 gold pieces
  3468 | D:1      | Bought a scroll of identify for 22 gold pieces
  3581 | D:4      | Found a sand-covered staircase.
  3586 | D:4      | Reached skill level 1 in Translocations
  3590 | Ossuary  | Entered an ossuary
  3605 | Ossuary  | Reached skill level 1 in Spellcasting
  3786 | Ossuary  | Reached XP level 6. HP: 40/46 MP: 6/8
  3909 | Ossuary  | Reached skill level 6 in Fighting
  3960 | Ossuary  | Reached XP level 7. HP: 33/52 MP: 10/10
  4151 | D:4      | Found a staircase to the Ecumenical Temple.
  4209 | Temple   | Entered the Ecumenical Temple
  4278 | Temple   | Became a worshipper of Hepliaklqana the Forgotten
  4380 | D:4      | Found a glowing golden altar of the Shining One.
  4911 | D:5      | Entered Level 5 of the Dungeon
  5387 | D:1      | Bought a scroll of teleportation for 33 gold pieces
  5390 | D:1      | Bought a scroll of noise for 14 gold pieces
  5391 | D:1      | Identified 2 scrolls of acquirement
  5392 | D:1      | Acquired 1121 gold pieces
  5393 | D:1      | Acquired the ring of Gerysmurgh {rPois Dex+3}
  5640 | D:5      | Reached XP level 8. HP: 58/58 MP: 12/12
  5917 | D:5      | Reached skill level 7 in Fighting
  6215 | D:5      | Learned a level 2 spell: Momentum Strike
  6218 | D:5      | Learned a level 2 spell: Lesser Beckoning
  6396 | D:5      | Found a stormy altar of Qazlal.
  6503 | D:5      | Found a snail-covered altar of Cheibriados.
  6690 | D:6      | Reached * piety under Hepliaklqana
  6806 | D:6      | Reached skill level 5 in Long Blades
  6996 | D:6      | Found a sparkling altar of Nemelex Xobeh.
  7428 | D:6      | Reached XP level 9. HP: 54/57 MP: 13/13
  7573 | D:7      | Reached skill level 1 in Evocations
  8239 | D:7      | Reached ** piety under Hepliaklqana
  8240 | D:7      | Remembered your ancestor Beorhtric as a battlemage
  8413 | D:6      | Acquired a +4 ring of protection
  8506 | D:7      | Reached skill level 5 in Dodging
  8826 | D:7      | Noticed a white ugly thing
  9418 | D:1      | Bought a scroll of teleportation for 42 gold pieces
  9418 | D:1      | Bought a scroll of identify for 28 gold pieces
  9418 | D:1      | Bought a scroll of identify for 28 gold pieces
  9418 | D:1      | Bought a scroll of fog for 56 gold pieces
  9418 | D:1      | Bought a scroll of revelation for 105 gold pieces
  9418 | D:1      | Bought a scroll of teleportation for 42 gold pieces
  9418 | D:1      | Bought a scroll of fog for 56 gold pieces
  9434 | D:1      | Bought a scroll of poison for 44 gold pieces
 10147 | D:8      | Reached *** piety under Hepliaklqana
 10158 | D:8      | Found Quhaf's Book Shoppe.
 10256 | D:8      | Reached XP level 10. HP: 46/63 MP: 14/14
 10686 | D:8      | Found Quhaf's Book Shoppe.
 11288 | D:9      | Reached skill level 10 in Long Blades
 11784 | D:9      | Found a white marble altar of Elyvilon.
 12004 | D:9      | Reached skill level 5 in Translocations
 12137 | D:9      | Reached **** piety under Hepliaklqana
 12395 | D:9      | Learned a level 4 spell: Summon Lightning Spire
 12396 | D:10     | Entered Level 10 of the Dungeon
 12413 | D:10     | Reached skill level 1 in Invocations
 12413 | D:10     | Reached XP level 11. HP: 67/67 MP: 13/15
 12898 | D:10     | Found a staircase to the Orcish Mines.
 12968 | D:10     | Noticed a two-headed ogre
 13741 | D:11     | Found a staircase to the Lair.
 13760 | D:11     | Noticed a manticore
 13769 | D:11     | Killed a manticore
 13817 | D:11     | Reached skill level 8 in Fighting
 14396 | D:11     | Noticed a two-headed ogre
 14406 | D:11     | Killed a two-headed ogre
 14642 | Lair:1   | Entered Level 1 of the Lair of Beasts
 14668 | Lair:1   | Noticed Sonja
 14847 | Lair:1   | Killed Sonja
 14960 | Lair:1   | Reached XP level 12. HP: 57/75 MP: 16/16
 14963 | Lair:1   | Reached skill level 9 in Fighting
 15116 | Lair:1   | Noticed Jeremiah
 15154 | Lair:1   | Killed Jeremiah
 15165 | Lair:1   | Identified the +7 hand axe "Zaifabb" {spect, rN+}
 15356 | Lair:1   | Acquired a ring of willpower
 15789 | Lair:2   | Reached skill level 10 in Fighting
 15865 | Lair:2   | Found a dark tunnel.
 15951 | Volcano  | Entered a volcano
 15951 | Volcano  | Reached ***** piety under Hepliaklqana
 16055 | Volcano  | Reached skill level 10 in Dodging
 16403 | Lair:2   | Noticed a six-headed hydra
 16409 | Lair:2   | Killed a four-headed hydra
 16526 | Lair:2   | Found a hole to the Spider Nest.
 16533 | Lair:2   | Noticed a catoblepas
 16550 | Lair:2   | Killed a catoblepas
 16559 | Lair:2   | Reached skill level 11 in Fighting
 16972 | Lair:3   | Noticed a death yak
 16975 | Lair:3   | Noticed a death yak
 16976 | Lair:3   | Reached XP level 13. HP: 85/85 MP: 17/17
 17273 | Lair:3   | Found a staircase to the Shoals.
 17368 | Lair:3   | Reached skill level 5 in Shields
 17379 | Lair:3   | Reached skill level 12 in Fighting
 17533 | Lair:3   | Found a runed translucent gate.
 17534 | Lair:3   | Found a runed translucent gate.
 17534 | Lair:3   | Noticed Tinttamiau's ghost (journeyman DEAE)
 17536 | Lair:3   | Found a runed translucent gate.
 18326 | Lair:4   | Gained mutation: Your mind is acute. (Int +4, Str/Dex -1)
                  | [potion of mutation]
 18326 | Lair:4   | Gained mutation: Your natural rate of healing is unusually
                  | fast. [potion of mutation]
 18326 | Lair:4   | Gained mutation: Your muscles are strong. (Str +4, Int/Dex
                  | -1) [potion of mutation]
 18392 | Lair:4   | Found a staircase to the Slime Pits.
 18392 | Lair:4   | Found a viscous altar of Jiyva.
 18863 | Lair:4   | Reached skill level 13 in Fighting
 18884 | Lair:4   | Reached XP level 14. HP: 86/95 MP: 16/18
 18934 | Lair:4   | Found an ornate altar of the Wu Jian Council.
 18934 | Lair:4   | Found a hide-covered altar of Uskayaw.
 19451 | Lair:5   | Entered Level 5 of the Lair of Beasts
 19610 | Lair:5   | Reached skill level 14 in Fighting
 19837 | Lair:5   | Reached skill level 1 in Shapeshifting
 20917 | D:7      | Identified the +3 quarterstaff of Ignis, Uplifting {heavy,
                  | Fly}
 21142 | D:9      | Got the Compilation of Nature
 21384 | D:10     | Reached skill level 15 in Fighting
 21515 | D:12     | Noticed Kirke
 21545 | D:12     | Killed Kirke
 21693 | D:12     | Reached ****** piety under Hepliaklqana
 22503 | D:13     | Found a portal to a secret trove of treasure.
 22825 | D:14     | Reached XP level 15. HP: 78/104 MP: 19/19
 22960 | D:14     | Found a gate to the Vaults.
 22962 | D:14     | Noticed a frost giant
 23003 | D:14     | Noticed Jaike's ghost (journeyman DEEn)
 23028 | D:14     | Noticed Jorgrun
 23037 | D:14     | Killed Jorgrun
 23092 | D:14     | Found a transporter.
 23109 | D:14     | Found a transporter.
 23528 | D:14     | Found a runed translucent door.
 23791 | D:14     | Killed Jaike's ghost
 24017 | D:14     | Identified the +0 spear of Triumph {freeze, rF+ rC+ Dex-2
                  | Stlth+}
 24023 | D:14     | Got the ring of Music {rElec Dex+6}
 24106 | D:15     | Entered Level 15 of the Dungeon
 24149 | D:15     | Reached skill level 5 in Evocations
 24186 | D:15     | Found a gate leading to a gauntlet.
 24191 | Gauntlet | Entered a Gauntlet
 24191 | Gauntlet | Found a transporter.
 24191 | Gauntlet | Found a transporter.
 24195 | Gauntlet | Found a transporter.
 24195 | Gauntlet | Found a transporter.
 24202 | Gauntlet | Found a transporter.
 24209 | Gauntlet | Found a transporter.
 24217 | Gauntlet | Found a transporter.
 24219 | Gauntlet | Found a transporter.
 24219 | Gauntlet | Found a transporter.
 24261 | Gauntlet | Found a transporter.
 24294 | Gauntlet | Found a transporter.
 24308 | Gauntlet | Found a transporter.
 24321 | Gauntlet | Found a transporter.
 24408 | Gauntlet | Found a transporter.
 24422 | Gauntlet | Found a transporter.
 24435 | Gauntlet | Found a transporter.
 24564 | Gauntlet | Identified the +1 cloak of Untruth {SInv Stlth+}
 24589 | Gauntlet | Reached skill level 5 in Invocations
 24624 | Gauntlet | Identified the amulet of Tyug {Faith Will+ Str+3 Dex+3}
 24649 | Gauntlet | Identified the staff "Sowkiok" {*Slow rElec rCorr SInv Air
                  | Earth}
 24655 | Gauntlet | Identified the +0 scale mail "Netwo" {rElec Str+2 Dex+3}
 24742 | D:15     | Found a staircase to the Depths.
 24749 | D:15     | Reached skill level 16 in Fighting
 25091 | D:15     | Reached skill level 5 in Shapeshifting
 25456 | D:14     | Killed a frost giant
 25827 | Orc:1    | Entered Level 1 of the Orcish Mines
 25851 | Orc:1    | Noticed an orc warlord
 25961 | D:10     | Killed an orc warlord
 26316 | Orc:2    | Entered Level 2 of the Orcish Mines
 26420 | Orc:2    | Found a staircase to the Elven Halls.
 26580 | Orc:2    | Reached XP level 16. HP: 112/113 MP: 20/20
 26609 | Orc:2    | Reached skill level 17 in Fighting
 26761 | Orc:2    | Found Kyoqubre's Antique Weapon Shop.
 26780 | Orc:2    | Bought a dazzling falchion for 176 gold pieces
 26780 | Orc:2    | Identified the +5 falchion "Rir Nol" {pain, ^Fragile rPois
                  | rN+ Str+2} (You bought it in a shop on level 2 of the
                  | Orcish Mines)
 26828 | Orc:2    | Gained mutation: Your magical capacity is low. (-10% MP) [a
                  | neqoxec]
 26869 | Orc:2    | Found Xafym's Book Shop.
 26869 | Orc:2    | Found Yluoror's Assorted Antiques.
 26870 | Orc:2    | Found Kurel's Antique Weapon Shop.
 26870 | Orc:2    | Found Lexasmis's Book Boutique.
 26877 | Orc:2    | Bought a scroll of blinking for 180 gold pieces
 26877 | Orc:2    | Bought a potion of might for 96 gold pieces
 26877 | Orc:2    | Bought 2 coppery potions for 43 gold pieces
 27316 | Orc:1    | Learned a level 2 spell: Passwall
 27390 | Elf:1    | Entered Level 1 of the Elven Halls
 27409 | Elf:1    | Reached skill level 1 in Alchemy
 27447 | Elf:1    | Reached skill level 1 in Earth Magic
 27528 | Elf:1    | Found a shimmering blue altar of Sif Muna.
 27556 | Elf:1    | Identified the serpent talisman of Starshine {Dex+4}
 27556 | Elf:1    | Noticed Aizul
 27567 | Elf:1    | Killed Aizul
 27848 | Elf:1    | Found a runed translucent gate.
 27848 | Elf:1    | Found a runed translucent gate.
 27848 | Elf:1    | Found a runed translucent gate.
 27858 | Elf:1    | Noticed jotaen's ghost (adept MiFi)
 28328 | Elf:1    | Got the Codex of the Crypt
 28720 | Elf:1    | Found a shimmering blue altar of Sif Muna.
 29526 | Elf:2    | Noticed Asterion
 29699 | Elf:2    | Noticed an Executioner
 29704 | Elf:1    | Noticed an Executioner
 29800 | Elf:1    | Killed Asterion
 30019 | Elf:2    | Found a runed translucent gate.
 30041 | Elf:2    | Found a runed translucent gate.
 30041 | Elf:2    | Found a runed translucent gate.
 30246 | Elf:2    | Reached skill level 18 in Fighting
 30598 | Elf:3    | Entered Level 3 of the Elven Halls
 30612 | Elf:3    | Reached XP level 17. HP: 120/120 MP: 21/21
 30645 | Elf:3    | Reached skill level 5 in Alchemy
 30672 | Elf:3    | Reached skill level 5 in Spellcasting
 30857 | Elf:3    | Found Liter's Jewellery Emporium.
 30865 | Elf:3    | Bought the ring of Youthful Indiscretion {^Contam rC++
                  | Dex+6 Stlth+} for 807 gold pieces
 30865 | Elf:3    | Bought the ring "Hyebb" {Will+ Str+6} for 680 gold pieces
 30980 | Elf:3    | Acquired 1072 gold pieces
 31049 | Elf:3    | Found Cukhid's Weapon Shoppe.
 31099 | Elf:3    | Noticed a deep elf master archer
 31108 | Elf:3    | Killed a deep elf master archer
 31112 | Elf:3    | Noticed a deep elf blademaster
 31121 | Elf:3    | Noticed a deep elf blademaster
 31134 | Elf:3    | Noticed a Tzitzimitl
 31147 | Elf:3    | Killed a deep elf blademaster
 31154 | Elf:3    | Killed a deep elf blademaster
 31157 | Elf:3    | Noticed a Brimstone Fiend
 31299 | Elf:3    | Noticed a deep elf master archer
 31304 | Elf:3    | Killed a deep elf master archer
 31323 | Elf:3    | Noticed a deep elf master archer
 31555 | Elf:3    | Found Janefew's Antique Armour Shoppe.
 31589 | Elf:3    | Identified the +11 broad axe "Weoxesyto" {freeze, ^Fragile
                  | +Blink Fly Will++}
 31631 | Elf:3    | Killed a deep elf master archer
 31670 | Elf:3    | Noticed a deep elf blademaster
 31672 | Elf:3    | Killed a deep elf blademaster
 31736 | Elf:3    | Noticed a deep elf master archer
 31738 | Elf:3    | Killed a deep elf master archer
 31766 | Elf:3    | Identified the ring "Harytt" {Str+6 Int+3}
 32040 | Elf:3    | Reached skill level 19 in Fighting
 32322 | Elf:3    | Noticed a deep elf blademaster
 32326 | Elf:3    | Killed a deep elf blademaster
 32919 | Elf:3    | Got Pale's Codex of the Hyperbolic Curse
 32932 | Elf:3    | Identified the +2 sling "Dameil" {drain, rPois rC++ rN+}
 32935 | Elf:3    | Identified the +8 plate armour of Servitude {^Drain Int+6}
 33000 | Elf:3    | Got Lom Lobon's Teachings on Assaults and Transfiguration
 33034 | Elf:3    | Reached XP level 18. HP: 129/129 MP: 24/24
 33102 | Elf:3    | Got the Anthology of the Many Friars
 33239 | Elf:3    | Noticed Snorg
 33244 | Elf:3    | Noticed a deep elf blademaster
 33245 | Elf:3    | Killed Snorg
 33360 | Elf:3    | Killed a deep elf blademaster
 33821 | Elf:2    | Reached skill level 10 in Shapeshifting
 33843 | Elf:2    | Reached skill level 20 in Fighting
 34035 | Elf:2    | Identified the blade talisman "Voatsor" {rCorr Str+2 Dex-2}
 34324 | Elf:1    | Found a shimmering blue altar of Sif Muna.
 35305 | Lair:3   | Killed Tinttamiau's ghost
 35310 | Lair:3   | Identified the +0 broad axe of Action {elec, rF+ Str+2}
 35331 | Lair:3   | Learned a level 4 spell: Passage of Golubria
 35337 | Lair:3   | Learned a level 5 spell: Summon Forest
 35343 | Lair:3   | Learned a level 5 spell: Summon Mana Viper
 35386 | Shoals:1 | Entered Level 1 of the Shoals
 35398 | Shoals:1 | Reached skill level 15 in Dodging
 35446 | Shoals:1 | Found Maut's Overcharged Wands.
 35664 | Shoals:1 | Noticed Nikola
 35681 | Shoals:1 | Killed Nikola
 36061 | Shoals:2 | Found Vocsiut's Self-Improvement Boutique.
 36109 | Shoals:2 | Bought a manual of Stealth for 800 gold pieces
 36109 | Shoals:2 | Bought a manual of Fighting for 800 gold pieces
 36171 | Shoals:2 | Reached XP level 19. HP: 137/137 MP: 25/25
 36607 | Shoals:3 | Found a runed translucent gate.
 36607 | Shoals:3 | Found a runed translucent gate.
 36607 | Shoals:3 | Found a runed translucent gate.
 36613 | Shoals:3 | Noticed Nuninul's ghost (adept FeCj)
 36684 | Shoals:3 | Identified the +10 war axe of False Accusations {drain,
                  | rElec rCorr Str+3}
 36833 | Shoals:3 | Reached skill level 5 in Stealth
 37123 | Shoals:3 | Killed Nuninul's ghost
 37144 | Shoals:3 | Identified the +7 flail "Demonslayer" {flame, ^Drain rF+
                  | SInv}
 37171 | Shoals:4 | Entered Level 4 of the Shoals
 37180 | Shoals:4 | Reached skill level 15 in Long Blades
 37447 | Shoals:4 | Identified the +0 chain mail of Hucuomim {rElec}
 37449 | Shoals:4 | Reached skill level 21 in Fighting
 37539 | Shoals:4 | Identified the +5 orcbow of Jeilev {drain, ^Drain rF+ Str+2
                  | Dex+3}
 37956 | Shoals:4 | Got a barnacled rune of Zot
 39086 | Spider:1 | Entered Level 1 of the Spider Nest
 39181 | Spider:1 | Found a frozen archway.
 39203 | IceCv    | Entered an ice cave
 39368 | IceCv    | Reached XP level 20. HP: 145/145 MP: 26/26
 39415 | IceCv    | Found an ancient bone altar of Kikubaaqudgha.
 39593 | IceCv    | Reached skill level 10 in Stealth
 39619 | IceCv    | Got the Almanac of Iniquitous Secrets
 40921 | Spider:1 | Gained mutation: Your body sometimes deteriorates upon
                  | taking damage. [mutagenic glow]
 40928 | Spider:1 | Lost mutation: Your mind is acute. (Int +4, Str/Dex -1)
                  | [mutagenic glow]
 41273 | Spider:2 | Reached skill level 22 in Fighting
 41445 | Spider:3 | Noticed Arachne
 41449 | Spider:3 | Killed Arachne
 41539 | Spider:3 | Reached skill level 10 in Shields
 42092 | Spider:4 | Entered Level 4 of the Spider Nest
 42177 | Spider:4 | Reached skill level 15 in Stealth
 42335 | Spider:4 | Noticed Donald
 42341 | Spider:4 | Killed Donald
 42474 | Spider:4 | Reached XP level 21. HP: 153/153 MP: 27/27
 42804 | Spider:4 | Reached skill level 23 in Fighting
 43042 | Spider:4 | Identified the scarf "Wustir" {shadows, Slay+2}
 43052 | Spider:4 | Got a gossamer rune of Zot
 43365 | Vaults:1 | Entered Level 1 of the Vaults
 43645 | Vaults:1 | Found Datun's Jewellery Emporium.
 43712 | Vaults:1 | Found the +9 scales of the Dragon King {rPois rF+ rC+
                  | Will+}
 43780 | Vaults:1 | Noticed Norris
 43786 | Vaults:1 | Killed Norris
 44268 | Vaults:1 | Got the Encyclopedia of the Congregated Nimbus
 44274 | Vaults:1 | Got the Compendium of Space and Creation
 45162 | Vaults:2 | Reached XP level 22. HP: 162/162 MP: 27/27
 45775 | Vaults:3 | Identified the ring of Urufikang {Ice Dex+8}
 45993 | Vaults:3 | Noticed Xtahua
 46003 | Vaults:3 | Killed Xtahua
 46130 | Vaults:3 | Found a staircase to the Crypt.
 46852 | Vaults:4 | Found Vyluah's Distillery.
 46863 | Vaults:4 | Bought a potion of curing for 57 gold pieces
 46863 | Vaults:4 | Bought a potion of invisibility for 152 gold pieces
 46863 | Vaults:4 | Bought a potion of mutation for 152 gold pieces
 46900 | Vaults:4 | Found a magical portal.
 46921 | WizLab   | Entered The Chambers of the Cloud Mage
 47244 | WizLab   | Paralysed by an air elemental for 1 turns
 47364 | WizLab   | Identified the +1 quick blade "Agram" {heavy, rC- Str+4
                  | Dex+4}
 47366 | WizLab   | Got the Disquisition on the Birds
 47369 | WizLab   | Identified the +0 quick blade of Cair Yrph {spect, ^Contam
                  | rElec Str+5}
 47375 | WizLab   | Identified the staff of Noon {+Blink rF+ Fire}
 48449 | Depths:1 | Entered Level 1 of the Depths
 48628 | Depths:1 | Found a gateway to Hell.
 48635 | Depths:1 | Reached XP level 23. HP: 166/166 MP: 28/28
 48755 | Depths:1 | Found a one-way gateway to a ziggurat.
 49016 | Depths:1 | Found Itaogoagurph's Weapon Shoppe.
 49099 | Depths:2 | Found a one-way gate to the infinite horrors of the Abyss.
 49140 | Depths:2 | Found a blossoming altar of Fedhas.
 49224 | Depths:2 | Noticed a golden dragon
 49249 | Depths:2 | Noticed Bai Suzhen
 49255 | Depths:2 | Killed Bai Suzhen
 49284 | Depths:2 | Found a one-way gate leading to the halls of Pandemonium.
 49418 | Depths:2 | Reached skill level 15 in Shapeshifting
 49739 | Depths:2 | Noticed a golden dragon
 49765 | Depths:2 | Killed a golden dragon
 49817 | Depths:2 | Identified the +1 lajatang "Ileub" {heavy, Int+2}
 50828 | Depths:3 | You fall into a shaft and drop 1 floor!
 50828 | Depths:4 | Entered Level 4 of the Depths
 51044 | Depths:4 | Found a shimmering blue altar of Sif Muna.
 51251 | Depths:4 | Reached skill level 10 in Evocations
 51286 | Depths:4 | Reached skill level 10 in Invocations
 51556 | Depths:4 | Noticed a golden dragon
 51566 | Depths:4 | Killed a golden dragon
 51579 | Depths:4 | Found a gate to the Realm of Zot.
 51719 | Depths:3 | Reached XP level 24. HP: 172/172 MP: 28/28
 51791 | Depths:3 | Found Fituaxt's Book Boutique.
 51956 | Depths:3 | Identified the amulet "Kianibau" {Regen+ Str+2}
 52038 | Depths:3 | Found Ynlo Zoc's Magic Scroll Boutique.
 52047 | Depths:3 | Bought a scroll of revelation for 105 gold pieces
 52047 | Depths:3 | Bought a scroll of blinking for 105 gold pieces
 52047 | Depths:3 | Bought a scroll of teleportation for 42 gold pieces
 52205 | Depths:3 | Found Bakaosud's Weapon Shop.
 52218 | Depths:3 | Found Voxopufy's Distillery.
 52228 | Depths:3 | Bought a potion of curing for 42 gold pieces
 52228 | Depths:3 | Bought a potion of haste for 140 gold pieces
 52228 | Depths:3 | Bought a potion of invisibility for 112 gold pieces
 52228 | Depths:3 | Bought a potion of ambrosia for 112 gold pieces
 52228 | Depths:3 | Bought a potion of curing for 42 gold pieces
 52228 | Depths:3 | Bought a potion of curing for 42 gold pieces
 52774 | Vaults:5 | Entered Level 5 of the Vaults
 52890 | Vaults:5 | Noticed a dread lich
 52894 | Vaults:5 | Killed a dread lich
 53020 | Vaults:5 | Found the +8 pair of quick blades "Gyre" and "Gimble"
                  | {protect}
 53026 | Vaults:5 | Identified the +8 mace of the Hurting Pill Bug {freeze,
                  | Int+2}
 53028 | Vaults:5 | Identified the +5 spear of Lies {freeze, rC+}
 53035 | Vaults:5 | Identified the ring of Ashenzari, Changing {Wiz Dex+3}
 53088 | Vaults:5 | Noticed a dread lich
 53093 | Vaults:5 | Killed a dread lich
 53139 | Vaults:5 | Identified the +6 short sword of Interdependent Arising
                  | {heavy, rF+ Dex+6}
 53158 | Vaults:5 | Identified the +5 trident "Jalerghe" {speed, SInv}
 53290 | Vaults:5 | Reached XP level 25. HP: 178/178 MP: 29/29
 53322 | Vaults:5 | Got a silver rune of Zot
 53349 | Vaults:5 | Found the +0 mask of the Dragon {Will+ Slay+3 SInv}
 53509 | Vaults:5 | Identified the +4 short sword of Darkness {flame, SInv}
 53625 | Vaults:5 | Identified the +8 dire flail "Jyodae Nuuc" {flame, +Blink}
 54027 | Vaults:5 | Identified the ring of the Eye-covered God {rC- Int+2 Dex+3
                  | SInv}
 54609 | Depths:3 | Bought a scroll of brand weapon for 133 gold pieces
 54609 | Depths:3 | Bought a scroll of brand weapon for 133 gold pieces
 54609 | Depths:3 | Bought a scroll of enchant weapon for 105 gold pieces
 55271 | Orc:2    | Bought a scroll of enchant weapon for 180 gold pieces
 55271 | Orc:2    | Bought a potion of mutation for 192 gold pieces
 55514 | Vaults:1 | Bought a ring of protection from fire for 275 gold pieces
 55751 | Shoals:1 | Bought a wand of roots (18) for 648 gold pieces
 55751 | Shoals:1 | Bought a wand of roots (18) for 648 gold pieces
 56247 | Elf:1    | Killed jotaen's ghost
 56268 | Elf:1    | Identified the amulet of Lesser Demons {Acrobat rC+ MP+9
                  | Int+2}
 56269 | Elf:1    | Identified the +0 cloak of Whack-A-Mole {rPois Str+3}
 56594 | Zot:1    | Entered Level 1 of the Realm of Zot
 56716 | Zot:2    | Identified the ring "Baasaukk" {Ice Str+3}
 56716 | Zot:2    | Noticed Josephina
 56730 | Zot:2    | Killed Josephina
 56739 | Zot:2    | Reached skill level 15 in Evocations
 56909 | Zot:3    | Reached skill level 15 in Invocations
 57099 | Zot:5    | Entered Level 5 of the Realm of Zot
 57616 | Zot:5    | Got a prismatic gem with 23 turns to spare
 57631 | Zot:5    | Lost the prismatic gem through the power of Zot.
 58018 | Zot:5    | Noticed an orb of fire
 58022 | Zot:5    | Killed an orb of fire
 58023 | Zot:5    | Reached XP level 26. HP: 184/184 MP: 28/31
 58036 | Zot:5    | Noticed a Killer Klown
 58036 | Zot:5    | Noticed a Killer Klown
 58041 | Zot:5    | Killed a Killer Klown
 58044 | Zot:5    | Noticed a Killer Klown
 58047 | Zot:5    | Noticed an orb of fire
 58053 | Zot:5    | Killed an orb of fire
 58056 | Zot:5    | Killed a Killer Klown
 58057 | Zot:5    | Killed a Killer Klown
 58062 | Zot:5    | Noticed a dread lich
 58063 | Zot:5    | Killed a dread lich
 58376 | Zot:5    | Noticed an ancient lich
 58378 | Zot:5    | Noticed a dread lich
 58383 | Zot:5    | Killed an ancient lich
 58386 | Zot:5    | Killed a dread lich
 58535 | Zot:5    | Noticed a Killer Klown
 58543 | Zot:5    | Killed a Killer Klown
 58552 | Zot:5    | Noticed an orb of fire
 58560 | Zot:5    | Noticed an orb of fire
 58565 | Zot:5    | Noticed a Killer Klown
 58569 | Zot:5    | Killed an orb of fire
 58572 | Zot:5    | Killed an orb of fire
 58578 | Zot:5    | Killed a Killer Klown
 58772 | Zot:5    | Noticed an orb of fire
 58777 | Zot:5    | Killed an orb of fire
 58799 | Zot:5    | Noticed a Killer Klown
 58803 | Zot:5    | Killed a Killer Klown
 59199 | Zot:5    | Got the Orb of Zot
 59299 | Zot:4    | Noticed Tianiwi the pandemonium lord
 59481 | D:15     | Noticed Ucozamp the pandemonium lord
 59758 | D:$      | Escaped with the Orb!

Illustrated notes

Levels and vault maps discovered:
D:1:      minmay_arrival_four_circles, layout_loops_ring, serial_shops,
          nicolae_lakefront_shop, nicolae_shop_peninsula, shop, shop,
          ebering_ecumenical_altar_abandoned, minmay_misc_feat_diagonals
D:2:      layout_basic, basic_altar, minmay_joined_circles, uniq_natasha
D:3:      layout_loops_ring
D:4:      layout_rooms, nicolae_tso_besieged_by_evil,
          minmay_temple_entry_proselytizer,
          mainiacjoe_ossuary_entry_find_the_door, minmay_circle_x
D:5:      layout_rooms, grunt_qazlal_sundering, kennysheep_mini_moat
D:6:      layout_loops_ring, nemelex_dance_club_becter, corexii_shack
D:7:      minmay_clustersquares, layout_basic
D:8:      layout_loops_ring, serial_shops, shop, minmay_manual_mail
D:9:      layout_irregular_city, mainiacjoe_overflow_alcove_4,
          introduction_to_nature_1
D:10:     layout_roguey, orc_0_dummy, glass_columns_a,
          kennysheep_opposing_triangles
D:11:     layout_stronghold, lair_entry_dummy
D:12:     layout_irregular_city, uniq_kirke
D:13:     layout_loops_ring, nicolae_trove_entry_crystal
D:14:     layout_roguey, hellmonk_vaults_attempted_burglary,
          gammafunk_ghost_stat_death, nicolae_danse_macabre, uniq_jorgrun
D:15:     hangedman_depths_entry_civil_slaughter, layout_long_grid,
          grunt_decor_fettered, gauntlet_entry_generic
Temple:   minmay_temple_bridge_d
Lair:1:   layout_gridlike, ldierk_geyser, st_stairs_7, grunt_megastairs_2,
          uniq_jeremiah, uniq_sonja
Lair:2:   layout_small_grid, nicolae_spider_entry_non_spiders, enter_volcano_3,
          lemuel_fruit_tree, grunt_megastairs_5, infiniplex_staircase_pool
Lair:3:   layout_cave_pods, minmay_shoals_entry_hut, gammafunk_ghost_hydra_chop
Lair:4:   layout_roguey [special_room_mythical_zoo], minmay_slime_entry_eyes,
          nzn_masters_of_martial_movement, grunt_megastairs_4
Lair:5:   grunt_lair_end_beastmaster, layout_concentric_octagons
Shoals:1: layout_shoals, nicolae_shop_overcharged_wands, uniq_nikola
Shoals:2: layout_shoals, nicolae_shop_self_help
Shoals:3: cheibrodos_shoals_epimethial_gifts, layout_shoals,
          gammafunk_ghost_necromancy
Shoals:4: shoals_end_grunt_ice, layout_shoals
Spider:1: layout_chambers, portal_ice_cave_entry_pillars_four,
          nicolae_spider_swamp_cousins
Spider:2: layout_spider_delve
Spider:3: layout_spider_delve, hangedman_spider_tarantella_strand, uniq_arachne
Spider:4: spider_rune_water, uniq_donald
Orc:1:    layout_caves, basic_altar
Orc:2:    st_orc_pillars, layout_diamond_mine, serial_shops, shop
Elf:1:    eino_elf_arrival_the_gate, layout_onion_city,
          gammafunk_ghost_tricky_traps, basic_altar, minmay_elf_necromancy,
          uniq_aizul
Elf:2:    elven_hall_of_blades_hangedman_original
          [nicolae_blade_entry_diamond_columns], layout_loops_cross,
          uniq_asterion
Elf:3:    minmay_elf_hall_furrowed, layout_rooms, serial_shops,
          nicolae_shop_real_fake_doors, nicolae_shop_window_shopping,
          nicolae_shop_bloodbath_and_beyond, elf_orc_summit_meeting
Vaults:1: nicolae_vaults_network_square, vaults_dpeg_doors,
          nicolae_vaults_library_corner, nicolae_vaults_bisected_exclaves,
          nicolae_vaults_trapezoid_layered, nicolae_vaults_tetromino_L_2,
          nicolae_vaults_wine_cellar, ontoclasm_vaults_twist,
          vaults_mumra_chevron, nicolae_vaults_trapezoid_lopsided_3,
          ontoclasm_vaults_decontamination, nicolae_vaults_sesquioval_fish,
          nicolae_vaults_double_plus_1, hangedman_vaults_stitches,
          vaults_room_semicircle, nicolae_vaults_surprise_closet,
          layout_vaults_omnicross, serial_shops, shop, uniq_norris
Vaults:2: vaults_mumra_minichess_inversion, nicolae_vaults_sightless_eye,
          nicolae_vaults_apartment_1, nicolae_vaults_double_plus_2,
          ontoclasm_vaults_hangar, nicolae_vaults_stand_back,
          layout_vaults_chaotic_city
Vaults:3: nicolae_vaults_network_quinsquares
          [nicolae_vaults_network_quincunx_subvault,
          nicolae_vaults_network_quincunx_subvault,
          nicolae_vaults_network_quincunx_subvault,
          nicolae_vaults_network_quincunx_subvault], blue_anna_dwarven_crypt,
          ontoclasm_vaults_ring_small, grunt_vaults_hallway_short,
          vaults_room_pool, nicolae_vaults_antechamber_and_loot_room,
          nicolae_vaults_closet_pinwheel_1, v_pattern_2,
          nicolae_vaults_rhombus_6, layout_vaults_quadrants, uniq_xtahua
Vaults:4: lightli_enter_wizlab_magi_temple, nicolae_vaults_spaceships,
          v_misc_15, hangedman_vaults_corner_blocks,
          hangedman_vaults_corner_blocks, ontoclasm_vaults_loading_screen,
          hangedman_vaults_hat, nicolae_vaults_double_plus_1, vaults_room_pools,
          v_alt_pattern_2, v_misc_27, nicolae_vaults_specimen_jars,
          layout_vaults_omnibox, serial_shops, nicolae_shop_advertising_works
          [nicolae_subvault_shop_adworks]
Vaults:5: serial_shops
Depths:1: layout_basic, enter_ziggurat_e, hell_entry, kennysheep_small_square
Depths:2: evilmike_inaccessible_box, layout_gridlike, abyss_entry,
          rand_demon_pan_entry_5, hell_entry, minivault_14, fedhas_altar_1,
          uniq_bai_suzhen
Depths:3: minmay_the_grid_triangle_9x9_line_8_mashed
          [minmay_the_grid_triangle_9x9_pentomino_pain,
          minmay_the_grid_triangle_9x9_windchime,
          minmay_the_grid_triangle_9x9_warning,
          minmay_the_grid_triangle_9x9_sprig,
          minmay_the_grid_triangle_9x9_wacky_v,
          minmay_the_grid_triangle_9x9_stretched_checkered,
          minmay_the_grid_triangle_9x9_descending_squares,
          minmay_the_grid_triangle_9x9_prize_top_heavy], layout_gridlike,
          nicolae_wwwww, serial_shops, shop, shop, nicolae_lakefront_shop, shop,
          abyss_entry, hell_entry, grunt_pan_entry_zigzag
Depths:4: grunt_zot_entry_pinwheel, layout_basic, pan_entry,
          pf_hell_entry_tar_river, nicolae_twisty_statue_hallways, led_sif_pool,
          uniq_grunn
Zot:1:    layout_misc_corridors, lemuel_golem_globe
Zot:2:    nicolae_zot_stationary_front, layout_onion,
          regret_index_zotdec_dark_gr, uniq_vv, uniq_josephina
Zot:3:    nicolae_zot_draconian_monastery, layout_onion_interference,
          skrybe_zot_glass_1
Zot:4:    layout_gridville
Zot:5:    layout_misc_corridors

Skill      XL: |  1  2  3  4  5  6  7  8  9 10 11 12 13 14 15 16 17 18 19 20 21 22 23 24 25 26 |
---------------+-------------------------------------------------------------------------------+-----
Stealth        | 1 2 9 15 19 | 19.4
Shields        | 1 2 4 6 7 8 10 | 10.0
Fighting       | 5 6 7 8 11 13 15 16 18 19 20 21 22 23 | 23.1
Translocations | 1 2 3 5 6 7 8 9 |  9.3
Spellcasting   | 1 2 3 4 6 |  6.0
Dodging        | 2 4 6 7 9 10 11 12 13 14 15 16 18 19 20 | 20.6
Long Blades    | 6 8 10 12 13 14 15 16 17 18 19 20 | 20.0
Evocations     | 4 5 7 9 10 13 15 17 | 17.0
Invocations    | 1 4 5 7 9 10 13 16 17 | 17.3
Shapeshifting  | 3 6 7 9 10 13 16 | 16.0
Alchemy        | 4 5 |  5.2
Earth Magic    | 4 |  4.7
Short Blades   | |  2.0

Action                     |  1- 3 |  4- 6 |  7- 9 | 10-12 | 13-15 | 16-18 | 19-21 | 22-24 | 25-27 || total
---------------------------+-------+-------+-------+-------+-------+-------+-------+-------+-------++-------
  Melee: Short sword       |    38 |   100 |    32 |       |       |       |       |       |       ||   170
         Constrict         |    13 |    40 |    81 |    47 |    93 |   157 |   179 |   125 |    42 ||   777
         Tentacles         |     6 |    40 |    84 |    74 |   178 |   168 |   258 |   298 |   117 ||  1223
         Dagger            |    16 |    51 |   189 |       |       |       |       |       |       ||   256
         Punch             |       |     5 |     6 |     5 |     6 |     8 |    17 |    21 |     8 ||    76
         Flail             |       |       |     5 |       |       |       |       |       |       ||     5
         Scimitar          |       |       |    61 |    74 |       |       |       |       |       ||   135
         Demon blade       |       |       |       |   182 |   619 |   554 |   806 |   795 |   300 ||  3256
         Maw               |       |       |       |       |       |    32 |   315 |   209 |       ||   556
  Throw: Dart              |       |       |    22 |     6 |     2 |     3 |       |       |       ||    33
         Javelin           |       |       |     3 |     2 |       |       |       |       |       ||     5
         Throwing net      |       |       |       |       |       |     2 |       |       |       ||     2
   Cast: Blink             |       |     2 |       |       |     4 |       |     1 |       |       ||     7
         Passwall          |       |       |       |       |       |       |       |     8 |     2 ||    10
 Invoke: Recall Ancestor   |       |       |     9 |    15 |    11 |     9 |     8 |     8 |    11 ||    71
         Ancestor Life: Ba |       |       |     1 |       |       |       |       |       |       ||     1
         Idealise          |       |       |       |       |     6 |     7 |     6 |     4 |     5 ||    28
  Evoke: Wand              |       |       |     5 |     2 |     2 |    12 |       |     2 |       ||    23
         Box of beasts     |       |       |       |       |       |     1 |       |     1 |     1 ||     3
         Phantom mirror    |       |       |       |       |       |     1 |       |     1 |       ||     2
    Use: Scroll            |       |     3 |    10 |    11 |    11 |    12 |    14 |     7 |    17 ||    85
         Potion            |       |       |     2 |       |     3 |     4 |     2 |     1 |     8 ||    20
   Stab: Sleeping          |     6 |    11 |    10 |     5 |    12 |    15 |    20 |    12 |     2 ||    93
         Distracted        |       |       |     2 |    13 |    22 |    19 |    45 |    43 |    19 ||   163
         Paralysed         |       |       |     2 |     4 |       |       |       |       |       ||     6
         Invisible         |       |       |       |       |       |     1 |       |       |       ||     1
 Armour: Skin              |    17 |    49 |    93 |    58 |    82 |    70 |   101 |   192 |    80 ||   742
  Dodge: Dodged            |    16 |    62 |   140 |    95 |   164 |   164 |   432 |   692 |   316 ||  2081
  Block: Buckler           |     1 |    26 |    52 |    66 |       |       |       |       |       ||   145
         Reflection        |       |       |       |     3 |    17 |    58 |    40 |    48 |       ||   166
         Kite shield       |       |       |       |    47 |   395 |   360 |   825 |   979 |   321 ||  2927
   Form: Beast             |       |     2 |       |       |     1 |     1 |       |       |       ||     4
                           |       |     2 |       |       |       |     2 |       |       |       ||     4
         Serpent           |       |       |       |       |       |     1 |       |       |       ||     1
         Maw               |       |       |       |       |       |     2 |       |       |       ||     2
         Statue            |       |       |       |       |       |       |       |     1 |       ||     1

Table legend: (Time is in decaauts)
 A = Elapsed time spent in this place.
 B = Non-inter-level travel time spent in this place.
 C = Inter-level travel time spent in this place.
 D = Time resting spent in this place.
 E = Time spent auto-exploring this place.
 F = Levels seen in this place.
 G = Mean time per level.
                   A        B        C        D        E       F      G
               +--------+--------+--------+--------+--------+-----+--------+
         Total |  63792 |  53043 |  10749 |  11439 |  27564 |  53 | 1203.6 |
       Dungeon |  21578 |  16503 |   5075 |   3645 |   9104 |  15 | 1438.5 |
        Temple |    148 |     14 |    134 |      0 |      0 |   1 |  148.0 |
          Lair |   6475 |   5232 |   1243 |    684 |   3288 |   5 | 1295.0 |
        Shoals |   3283 |   2667 |    616 |    254 |   1411 |   4 |  820.8 |
   Spider Nest |   3555 |   3377 |    178 |    486 |   1950 |   4 |  888.8 |
  Orcish Mines |   1738 |   1280 |    458 |    128 |    741 |   2 |  869.0 |
   Elven Halls |   8045 |   7662 |    383 |   2665 |   3564 |   3 | 2681.7 |
        Vaults |   7789 |   6108 |   1681 |    267 |   4054 |   5 | 1557.8 |
        Depths |   4971 |   4136 |    835 |    423 |   2739 |   4 | 1242.8 |
           Zot |   4001 |   3859 |    142 |   2309 |    333 |   5 |  800.2 |
       Ossuary |    501 |    501 |      0 |    187 |      4 |   1 |  501.0 |
      Ice Cave |    491 |    491 |      0 |    150 |    139 |   1 |  491.0 |
       Volcano |    219 |    219 |      0 |     70 |      0 |   1 |  219.0 |
        Wizlab |    500 |    500 |      0 |    139 |      0 |   1 |  500.0 |
      Gauntlet |    490 |    490 |      0 |     30 |    237 |   1 |  490.0 |
               +--------+--------+--------+--------+--------+-----+--------+

Top non-repeatable levels by time:
   Elf:1: 3826 daAuts
   Zot:5: 3152 daAuts
   Elf:3: 3098 daAuts
Vaults:5: 2307 daAuts
     D:2: 2166 daAuts
    D:14: 1898 daAuts
    D:11: 1877 daAuts
    D:10: 1848 daAuts
     D:9: 1755 daAuts
     D:8: 1686 daAuts
Vaults:3: 1682 daAuts
     D:7: 1616 daAuts
Depths:3: 1508 daAuts
Depths:2: 1469 daAuts
  Lair:1: 1384 daAuts
